AoeStats
← Vacuum

Arabia

510589290Analyzed
4v4 RM · 8h ago on Oct 1, 2026· 31m 7s· 8 players
Game mode
Random Map
Map size
Large (8 player)
Population
200
Speed
Normal
Resources
Standard
Victory
Conquest
Starting age
Dark Age
Ending age
Imperial Age
RankedLock teamsTeams togetherTeam positionsShared explorationLock speedFull tech treeHidden civsTurbo modeCheats
Victory
Defeat
🇨🇳 Slavs · China
826
+17
🇺🇸 Franks · United States
823
+17
🇨🇳 Khmer · China
801
+18
🇨🇳 Spanish · China
794
+19
🇷🇺 Mongols · Russia
898
-19
🇫🇷 Bohemians · France
846
-18
🇬🇧 Persians · United Kingdom
839
-17
🇪🇸 Khitans · Spain
821
-17
andrewcm20
11:18 Feudal Age
11:52 Double-Bit Axe
16:17 Castle Age
14:50 Double-Bit Axe
15:23 Horse Collar
16:52 Wheelbarrow
18:43 Hand Cart
26:12 Bow Saw
27:22 Heavy Plow
27:56 Gold Mining
28:00 Stone Mining
28:49 Scale Barding Armor
30:12 Forging
fer_es_merengue9
8:32 Loom
12:44 Feudal Age
14:33 Double-Bit Axe
17:45 Forging
17:40 Scale Barding Armor
18:59 Scale Barding Armor
20:29 Fletching
23:43 Castle Age
21:48 Domestication
22:07 Gold Mining
23:00 Stone Mining
25:19 Bow Saw
25:22 Pastoralism
25:56 Bodkin Arrow
26:36 Iron Casting
27:23 Chain Barding Armor
27:25 Husbandry
29:19 Town Watch
MCGooser
5:02 Loom
11:35 Feudal Age
12:25 Double-Bit Axe
20:53 Castle Age
19:24 Gold Mining
19:54 Stone Mining
22:10 Bow Saw
21:34 Pikeman
uselessplayer
ProfileName
10:47 Feudal Age
11:24 Loom
14:21 Castle Age
14:43 Double-Bit Axe
16:20 Bow Saw
17:09 Husbandry
17:26 Bloodlines
24:08 Light Cavalry
25:29 Scale Barding Armor
25:37 Forging
26:51 Gold Mining
28:32 Chain Barding Armor
28:49 Iron Casting
Vacuum
11:18 Feudal Age
11:46 Double-Bit Axe
15:40 Castle Age
20:02 Bow Saw
20:36 Gold Mining
25:05 Horse Collar
26:30 Padded Archer Armor
26:20 Fletching
29:09 Leather Archer Armor
28:49 Bodkin Arrow
30:04 Ballistics
NgAgo
11:10 Feudal Age
15:20 Castle Age
14:35 Double-Bit Axe
14:39 Horse Collar
24:12 Gold Mining
31:56 Imperial Age
29:34 Heavy Plow
30:11 Forging
31:07 Scale Barding Armor
1208kenfeng
7:36 Loom
10:59 Feudal Age
12:18 Double-Bit Axe
21:44 Castle Age
21:52 Stone Mining
22:28 Gold Mining
24:07 Gold Shaft Mining
24:02 Husbandry
24:34 Bow Saw
29:48 Ordonnance Companies
Connection lost

Rejoining the realm…

Still unreachable

The connection could not be restored.

Session expired

The server has moved on; the page needs a fresh start.